 Dungeon Crawl Stone Soup version 0.17.0-73-gb648821 (webtiles) character file.

46 fredomojojo the Sneak (level 3, -1/18 HPs)
             Began as a Vine Stalker Assassin on Dec 9, 2015.
             Was an Initiate of Nemelex Xobeh.
             Slain by an adder (3 damage)
             ... on level 2 of the Dungeon.
             The game lasted 00:09:58 (692 turns).

fredomojojo the Sneak (Vine Stalker Assassin)        Turns: 692, Time: 00:10:04

Health: -1/18      AC:  3    Str: 13    XL:     3   Next: 68%
Magic:  0/4        EV: 11    Int: 11    God:    Nemelex Xobeh [......]
Gold:   9          SH:  0    Dex: 16    Spells: 0 memorised, 2 levels left

rFire  . . .     SeeInvis .     a - +2 dagger
rCold  . . .     Clarity  .     c - +0 robe
rNeg   . . .     SustAt   .     (no shield)
rPois  .         Gourm    .     (no helmet)
rElec  .         Spirit   +     d - +0 cloak
rCorr  .         Warding  .     (no gloves)
rMut   .         Stasis   .     (no boots)
MR     .....                    (no amulet)
Stlth  +++.......               (no ring)
                                (no ring)

@: lethally poisoned (-1 -> -19), not resistant to hostile enchantments, fairly
stealthy
A: fangs 2, regeneration 1, magic shield, antimagic bite, no device heal 3, rot
immunity
a: Renounce Religion


You were on level 2 of the Dungeon.
You worshipped Nemelex Xobeh.
Nemelex Xobeh was noncommittal.
You were not hungry.

You visited 1 branch of the dungeon, and saw 2 of its levels.

You collected 9 gold pieces.

Inventory:

Hand Weapons
 a - a +2 dagger (weapon)
 b - a +0 blowgun
Missiles
 e - 4 poisoned needles
 f - 2 curare-tipped needles
 k - 44 stones (quivered)
Armour
 c - a +0 robe (worn)
 d - a +0 cloak (worn)
Scrolls
 l - a scroll of random uselessness {unknown}
 m - a scroll of magic mapping {unknown}
 n - a scroll of identify {unknown}
 s - a scroll of teleportation {unknown}
Potions
 i - a potion of haste {unknown}
 o - a potion of beneficial mutation {unknown}
 r - a potion of poison
Comestibles
 g - a bread ration
 j - 7 chunks of flesh
 p - 3 fruits
 q - a beef jerky


   Skills:
 + Level 1.9 Fighting
 + Level 2.0 Short Blades
 + Level 2.0 Throwing
 + Level 0.7 Dodging
 + Level 6.2 Stealth


You had 2 spell levels left.
You didn't know any spells.

Dungeon Overview and Level Annotations

Branches:
Dungeon (2/15)

Altars:
Nemelex Xobeh


Innate Abilities, Weirdness & Mutations

You have extremely sharp teeth.
Your natural rate of healing is unusually fast.
When hurt, damage is shared between your health and your magic reserves.
Your bite disrupts and absorbs the magic of your enemies.
Potions and wands cannot restore your health.
You are immune to rotting.


Message History

You are poisoned.
The adder poisons you!
You miss the adder.
The adder is lightly wounded.
You feel sick. The adder bites you.
* * * LOW HITPOINT WARNING * * *
As you read the scroll labeled XUSMOH YPUXARU, it crumbles to dust.
You feel forgetful for a moment.
It was a scroll of amnesia.
The adder bites you.
* * * LOW HITPOINT WARNING * * *
You are lethally poisoned!
The adder poisons you!
It was a potion of poison.
That liquid tasted very nasty...
You are more poisoned.
* * * LOW HITPOINT WARNING * * *
You feel sick. The adder bites you.
* * * LOW HITPOINT WARNING * * *
The adder bites you.
You die...
Your body disappears without a glow.

#§§§.§#...#.§§§§#
#§§§§§#...#§§§§.#
#§§§§§#.#.#§§§.§
#§§§.§#...##§§.#
#######...######
#
#######'''######
#. #.......#
#..###...#####
#...@SS..#
#.#####..# ####(#
#...(# #....#
#.#+###.S..####
#.........>...#
#...........$.#
#.......K.....#


You could see 2 adders.

Vanquished Creatures
  2 adders (D:2)
  2 giant geckos (D:1)
  2 giant cockroaches (D:1)
  7 hobgoblins
  3 kobolds
  A quokka (D:2)
  2 bats (D:1)
  2 giant newts (D:1)
  3 goblins
  2 jackals (D:2)
  3 rats
29 creatures vanquished.

Notes
Turn   | Place    | Note
--------------------------------------------------------------
     0 | D:1      | fredomojojo the Vine Stalker Assassin began the quest for the Orb.
     0 | D:1      | Reached XP level 1. HP: 11/11 MP: 2/2
    34 | D:1      | Reached skill level 5 in Stealth
    73 | D:1      | Reached XP level 2. HP: 15/15 MP: 3/3
   424 | D:2      | Reached XP level 3. HP: 14/18 MP: 4/4
   481 | D:2      | Reached skill level 6 in Stealth
   646 | D:2      | Found a sparkling altar of Nemelex Xobeh.
   654 | D:2      | Became a worshipper of Nemelex Xobeh the Trickster
   692 | D:2      | Slain by an adder

Action                   || total
-------------------------++-------
Melee: Dagger            ||    49
 Fire: Blowgun           ||    20
  Use: Scroll            ||     1
       Potion            ||     1
 Stab: Sleeping          ||    11
